 Dungeon Crawl Stone Soup version 0.22-a0-608-g8a62e23 (webtiles) character file.

39 Gildeon the Caller (level 3, -1/24 HPs)
             Began as a Human Summoner on July 9, 2018.
             Hit by a goblin thrown by Robin (3 damage)
             ... on level 2 of the Dungeon.
             The game lasted 00:07:53 (1238 turns).

Gildeon the Caller (Human Summoner)                 Turns: 1238, Time: 00:07:53

Health: -1/24      AC:  2    Str:  9    XL:     3   Next: 67%
Magic:  1/6        EV: 12    Int: 15    God:
Gold:   49         SH:  0    Dex: 13    Spells: 1/7 levels left

rFire    . . .     SeeInvis .   n - +1 dagger (holy)
rCold    . . .     Gourm    .   (no shield)
rNeg     . . .     Faith    .   a - +0 robe
rPois    .         Spirit   .   (no helmet)
rElec    .         Reflect  .   (no cloak)
rCorr    .         Harm     .   (no gloves)
MR       .....                  (no boots)
Stlth    +.........             (no amulet)
HPRegen  0.08/turn              g - ring of loudness (curse)
MPRegen  0.10/turn              (no ring)

@: no status effects
A: no striking features
a: no special abilities


You were on level 2 of the Dungeon.
You were not hungry.

You visited 1 branch of the dungeon, and saw 2 of its levels.

You collected 49 gold pieces.

Inventory:

Hand Weapons
 n - a +1 dagger of holy wrath (weapon)
Armour
 a - a +0 robe (worn)
 f - a +1 ring mail of positive energy
Jewellery
 g - a cursed ring of loudness (left hand)
Scrolls
 h - a scroll of magic mapping
 j - a scroll of fog
Potions
 b - a potion of invisibility
 d - 2 potions of degeneration {unknown}
 e - a potion of heal wounds {unknown}
Comestibles
 c - a ration


   Skills:
 - Level 2.0 Dodging
 + Level 2.8 Stealth
 + Level 2.6 Spellcasting
 + Level 4.3 Summonings


You had one spell level left.
You knew the following spells:

 Your Spells              Type           Power        Failure   Level  Hunger
a - Summon Small Mammal   Summ           ###.         3%          1    #......
b - Call Imp              Summ           ###.....     5%          2    ###....
c - Call Canine Familiar  Summ           ###.....     11%         3    ###....

Your spell library contained the following spells:

 Spells                   Type           Power        Failure   Level  Hunger
 Summon Ice Beast         Ice/Summ       #.......     63%         4    #####..
 Summon Lightning Spire   Summ/Air       #.......     63%         4    #####..
 Summon Guardian Golem    Hex/Summ       #.......     26%         3    ###....


Dungeon Overview and Level Annotations

Branches:
Dungeon (2/15)

Altars:

Annotations:
D:2 Robin


Message History

* * * LOW HITPOINT WARNING * * *
You hit the goblin.
You kill the goblin!
Your bat hits the hobgoblin. The goblin barely misses you.
The hobgoblin misses your bat.
You swap places.
The goblin barely misses you. The hobgoblin misses your bat.
You see here a dagger.
Your bat barely misses the hobgoblin.
The goblin hits your bat with a dagger.
Your bat dies!
Your bat's corpse disappears in a puff of smoke!
Something barely misses your bat.
Your bat hits the hobgoblin but does no damage.
Casting: Summon Small Mammal (safe; 3% risk of failure)
Confirm with . or Enter, or press ? or * to list all spells.
Your bat hits the hobgoblin but does no damage.
The goblin barely misses your bat.
Your bat hits the hobgoblin. Robin barely misses your bat.
You swap places.
Your bat closely misses the hobgoblin.
The goblin barely misses your rat. Robin throws the goblin at you!
You die...

...#..........,,...,#....<.......
.###..........,,.....#.#.#.#.#.#.
## #..........,,..........)......
# ##........,,....###.#.#.#.#.#.
# *#.....#*,,...#*#............ #
*#####****###* ##.#.#.#.#.#. #
#............ ####
##########.#.#)#.#.#.
...##########..g@rggg..b......g..
..............######g#g#.#)#.#.#.
...############ #.g...#####***
...# ####### *, ...# *, ...# *,
...# *, #### *, **


You could see Robin, 2 hobgoblins, 3 goblins, a friendly bat and a friendly rat.

Vanquished Creatures
  An adder (D:2)
  An ooze (D:2)
  A giant cockroach (D:2)
  2 goblins (D:2)
  2 hobgoblins (D:2)
  A kobold (D:2)
  A ball python (D:2)
  A bat (D:2)
10 creatures vanquished.

Vanquished Creatures (collateral kills)
  A gnoll (D:1)
  An ooze (D:2)
  A worm (D:2)
  A giant cockroach (D:1)
  4 goblins
  A hobgoblin (D:1)
  A ball python (D:1)
  A frilled lizard (D:2)
  A kobold (D:1)
  2 rats
14 creatures vanquished.

Grand Total: 24 creatures vanquished

Notes
Turn   | Place    | Note
-------+----------+-------------------------------------------
     0 | D:1      | Gildeon the Human Summoner began the quest for the Orb.
     0 | D:1      | Reached XP level 1. HP: 13/13 MP: 3/3
   329 | D:1      | Reached XP level 2. HP: 17/19 MP: 0/5
   559 | D:2      | Noticed Robin
   674 | D:2      | Reached XP level 3. HP: 15/24 MP: 3/6
   679 | D:2      | Learned a level 2 spell: Call Imp
   696 | D:2      | Learned a level 3 spell: Call Canine Familiar
  1238 | D:2      | Hit by a goblin thrown by Robin

Vault maps used:
D:1:      minmay_arrival_solitary_statue, kennysheep_boxes
D:2:      hex_large, st_stairs_11, uniq_robin

Action                   || total
-------------------------++-------
Melee: Unarmed           ||     9
       Dagger            ||    48
 Cast: Summon Small Mamm ||    47
  Use: Scroll            ||     9
 Stab: Sleeping          ||     1
  Eat: Ration            ||     1
       Chunk             ||     1
Armor: Robe              ||    11
Dodge: Dodged            ||    42

Table legend:
 A = Spawn XP
 B = Non-spawn XP
 C = Spawn XP percentage of total XP
 D = Spawn monster count
 E = Non-spawn monster count
 F = Spawn count percentage of total count
 G = Total turns spent on level
                    A         B        C        D         E        F      G
               +---------+---------+-------+---------+---------+-------+---------
         Total |       0 |      56 |   0.0 |       0 |      24 |   0.0 |  1238
               +---------+---------+-------+---------+---------+-------+---------
           D:1 |       0 |      14 |   0.0 |       0 |       7 |   0.0 |   588
           D:2 |       0 |      42 |   0.0 |       0 |      17 |   0.0 |   650
               +---------+---------+-------+---------+---------+-------+---------
